cohdb
Replays
Latest Replays
All Replays
Popular Replays
Top Player Replays
Match Explorer
How It Works
Community
CoH3 Stats
Reddit
Sign in to upload your games and track your stats! →
Sign in with Steam
Match 38657370
Unlisted
Match 38657370
Overview
Messages
Build Orders
End
Kradschützen Motorcycle Team
250 Light Carrier
Selects Italian Combined Arms Battlegroup
Selects Bersaglieri Squad
Bersaglieri Squad
Construct Light Support Kompanie
Bersaglieri Squad
Selects Vehicle Support - Secure Location
Construct Mechanized Kompanie
Selects Vehicle Support - Force Recon
Combat Half-tracks
8 Rad Armored Car
Bersaglieri Squad
Vehicle Survival Package
『BlackBear』
Bobokhan
muta999888
3939737855
2ain3ows...*
Omlás
Baigaman
Fairy Publiusxyw
0
0
Comments
sign in to comment!
No comments posted yet!